Unix NetHack Version 5.0.0-0 post-release - last build Jun 10 2026 00:39:30 (3ee93aec679c4c4259841fe613dc97188e26a321,branch:main).

Game began 2026-06-11 16:41:01, ended 2026-06-11 17:17:13.

KraJa, chaotic male orcish Barbarian

                                                                     ---
                                                                    --.---
                                                                    |....|
                                                                    |....|
                                                                    ---..--
                                                                      --..---
                                                                       -*...|
                                                                      .%--..--
                                                                     ...--...|
                                                                     ..)Y@...|
                                                                     .. .....--
                                                                           ...|
                                                                      .......--
                                                                     ........|
                                                                    ...--.--.|
                                                                    -<--------
                                                                    ---

KraJa the Bandit           St:18 Dx:16 Co:18 In:7 Wi:8 Ch:8  Chaotic
Dlvl:7  $:0  HP:0(66) Pw:15(15) AC:-2 Xp:7/760 T:5454  Burdened

Latest messages:
 You finish eating the giant ant corpse.
 You kill the hobbit!
 You have a little trouble lifting R - a sling.
 (For instructions type a '?')
 You see here 5 stones called fling.
 You are carrying too much to get through.
 The gnome lord shoots 3 crossbow bolts!
 The 1st crossbow bolt misses you.
 You are hit by the 2nd crossbow bolt!
 You are hit by the 3rd crossbow bolt!
 You have a little trouble lifting S - 3 crossbow bolts.
 The gnome lord wields a flail!
 You kill the gnome!
 You smite the gnome lord!
 The gnome lord swings his flail.
 The gnome lord hits!
 The gnome lord swings his flail.
 The gnome lord misses!
 You smite the gnome lord!
 The gnome lord swings his flail.
 The gnome lord hits!
 You kill the gnome lord!
 The gnome picks up a crossbow.
 You kill the gnome!
 Pick a monster, object or location.
 In what direction?
 The dagger named @ hits the owlbear.
 In what direction?
 The dagger named @ hits the owlbear.
 The owlbear hits!
 The owlbear misses!
 You smite the owlbear!
 The owlbear hits!
 The owlbear misses!
 You smite the owlbear!
 The owlbear hits!
 The owlbear hits again!
 The owlbear grabs you!
 You miss the owlbear.
 The owlbear misses!
 The owlbear misses!
 You are being crushed.
 What do you want to write with? [- aprRS or ?*]
 You can't reach the floor.
 What do you want to write with? [- aprRS or ?*]
 You can't reach the floor.
 You cannot escape from the owlbear!
 The owlbear hits!
 You die...
 Do you want your possessions identified? [ynq] (y)

Inventory:
 Weapons  (')')
  S - 3 uncursed +2 crossbow bolts
  R - an uncursed +0 sling
  p - 11 uncursed +0 daggers named @ (at the ready)
  a - an uncursed very rusty +0 battle-axe named @ (weapon in hands)
 Armor    ('[')
  w - an uncursed +0 dwarvish iron helm
  H - an uncursed +0 dwarvish iron helm named @ (being worn)
  D - an uncursed +0 orcish helm
  P - a cursed +0 orcish helm
  B - a blessed +1 pair of iron shoes named @ (being worn)
  Z - an uncursed greased +0 pair of iron shoes
  l - an uncursed +0 pair of iron shoes
  G - an uncursed +0 pair of iron shoes
  b - an uncursed +0 dwarvish cloak
  x - an uncursed +0 dwarvish cloak
  C - an uncursed +0 dwarvish cloak named @ (being worn)
  K - an uncursed +0 dwarvish cloak
  E - an uncursed +0 orcish cloak
  Q - an uncursed +0 orcish cloak
  A - a blessed +2 elven mithril-coat named P@0 (being worn)
  c - an uncursed +0 orcish ring mail
 Comestibles  ('%')
  d - 7 uncursed food rations
  h - an uncursed sprig of wolfsbane
  j - 4 uncursed tripe rations
  M - an uncursed lizard corpse
 Spellbooks  ('+')
  O - an uncursed spellbook of invisibility
 Potions  ('!')
  N - a cursed potion of full healing
 Wands    ('/')
  r - an uncursed wand of fire named @ (0:4)
 Tools    ('(')
  k - an uncursed lock pick named @

KraJa the Barbarian's attributes:

Background:
 You were a Bandit, a level 7 male orcish Barbarian.
 You were chaotic, nominally on a mission for Set
 who was opposed by Mitra (lawful) and Crom (neutral).
 You were right-handed.
 You were in the Gnomish Mines, on level 7.
 You entered the dungeon 5454 turns ago.
 You had 760 experience points, 520 more were needed to attain level 8.

Basics:
 You had 0 out of 66 hit points.
 You had all 15 energy points (spell power).
 Your armor class was -2.
 Your wallet was empty.
 Autopickup was on for all types, with exceptions.

Final Characteristics:
 Your strength was 18 (peak:18/01, limit:18/50).
 Your dexterity was 16 (limit:18).
 Your constitution was 18 (limit:18).
 Your intelligence was 7 (limit:16).
 Your wisdom was 8 (limit:16).
 Your charisma was 8 (limit:16).

Final Status:
 You were held by an owlbear (west).
 You weren't hungry.
 You were burdened; movement was slightly slowed.
 You were wielding an axe.
 You had basic skill with axe and could have enhanced that.

Final Attributes:
 You were piously aligned.
 Your items were somewhat protected from fire.
 Your items were somewhat protected from cold.
 You were poison resistant.
 You had infravision.
 You were guarded.
 You were fast.
 You are dead.

Miscellaneous:
 You didn't encounter any bones levels.
 Total elapsed playing time was 36 minutes and 7 seconds.

Major events:
 Turn
    1: KraJa the chaotic male orcish Barbarian entered the dungeon
 1602: entered the Gnomish Mines
 1604: attained the rank of Pillager (level 3)
 3784: attained the rank of Bandit (level 6)
 5454: killed by an owlbear

You didn't know any spells.

Skills:
 Fighting Skills
   bare handed combat [Basic]
   two weapon combat  [Unskilled]
   riding             [Unskilled]
 Weapon Skills
   dagger             [Unskilled]
   axe                [Basic]
   pick-axe           [Unskilled]
   short sword        [Basic]
   broadsword         [Unskilled]
   long sword         [Unskilled]
   two-handed sword   [Unskilled]
   saber              [Unskilled]
   club               [Unskilled]
   mace               [Unskilled]
   morning star       [Unskilled]
   flail              [Unskilled]
   hammer             [Unskilled]
   quarterstaff       [Unskilled]
   spear              [Unskilled]
   trident            [Unskilled]
   bow                [Unskilled]
 Spellcasting Skills
   attack spells      [Unskilled]
   escape spells      [Unskilled]

Voluntary challenges:
 Character rerolling was not enabled.
 You were an atheist.
 You never genocided any monsters.
 You never polymorphed an object.
 You never changed form.
 You used no wishes.
Achievements:
 You entered the Gnomish Mines.
 You attained the rank of Pillager.
 You attained the rank of Bandit.

 The Dungeons of Doom: levels 1 to 8
    Level 1:
       Some fountains, a sink.
    Level 2:
       A fountain.
    Level 3: "V"
    Level 4:
       A fountain.
       Stairs down to The Gnomish Mines.
    Level 5:
       A fountain.
    Level 6:
    Level 7:
       Many fountains.
    Level 8:
 The Gnomish Mines: levels 5 to 7
    Level 5:
    Level 6:
    Level 7: <- You were here.
       Final resting place for
          you, killed by an owlbear.


Vanquished creatures:
  a giant beetle
  a leprechaun
  a giant spider
  a lizard
  a dwarf leader
  a rope golem
 an imp
  2 Uruk-hai
  a rock piercer
  a rock mole
  a yellow light
  a violet fungus
  7 gnome leaders
  a guardian naga hatchling
  2 gray oozes
  a paper golem
  7 giant ants
  2 little dogs
  4 dwarves
  a kobold leader
  a kobold shaman
  2 orc zombies
  a wererat
  3 iguanas
 an acid blob
  2 gas spores
  4 hobbits
  3 manes
  a large kobold
  4 giant rats
  a cave spider
  a yellow mold
  a red mold
 23 gnomes
  2 garter snakes
  2 gnome zombies
  3 geckos
  7 jackals
  2 foxes
  a kobold
  a goblin
  3 grid bugs
  4 bats
  2 lichens
  6 newts
119 creatures vanquished.

No species were genocided or became extinct.

Game over:
                       ----------
                      /          \
                     /    REST    \
                    /      IN      \
                   /     PEACE      \
                  /                  \
                  |      KraJa       |
                  |       0 Au       |
                  |   killed by an   |
                  |     owlbear      |
                  |                  |
                  |                  |
                  |       2026       |
                 *|     *  *  *      | *
        _________)/\\_//(\/(/\)/\//\/|_)_______

Goodbye KraJa the Barbarian...

You died in The Gnomish Mines on dungeon level 7 with 3400 points,
and 0 pieces of gold, after 5454 moves.
You were level 7 with a maximum of 66 hit points when you died.

